 Dungeon Crawl Stone Soup version 0.27-a0-732-ga892ba84f6 (webtiles) character file.

Game seed: 4603610646423237284

109 dracos369 the Slasher (level 4, -8/33 HPs)
             Began as a Djinni Gladiator on Mar 23, 2021.
             Mangled by an ogre
             ... wielding a +0 giant spiked club
              (17 damage)
             ... on level 2 of the Dungeon.
             The game lasted 00:04:47 (2542 turns).

dracos369 the Slasher (Djinni Gladiator)            Turns: 2542, Time: 00:04:47

Health: -8/33      AC:  5    Str: 13    XL:     4   Next: 90%
Magic:  0/0        EV: 13    Int: 10    God:
Gold:   68         SH:  0    Dex: 15    Spells: 5/6 levels left

rFire    + + .     SeeInvis .   a - +0 long sword
rCold    x . .     Faith    .   (no shield)
rNeg     . . .     Spirit   .   h - +2 robe {Will+}
rPois    ∞         Reflect  .   c - +0 helmet
rElec    .         Harm     .   (no cloak)
rCorr    .         Rampage  .   (no gloves)
Will     +....                  (boots unavailable)
Stlth    +.........             (no amulet)
HPRegen  0.11/turn              (no ring)
MPRegen  0.00/turn              (no ring)

@: flying
A: fire resistance 2, cold vulnerability 1, float, innate caster, hp casting,
extra vitality 1
a: no special abilities


You were on level 2 of the Dungeon.
You visited 1 branch of the dungeon, and saw 2 of its levels.

You collected 68 gold pieces.

Inventory:

Hand Weapons
 a - a +0 long sword (weapon)
Missiles
 d - 4 throwing nets
Armour
 c - a +0 helmet (worn)
 h - a +2 robe of willpower (worn)
Scrolls
 e - 3 scrolls of identify {unknown}


   Skills:
 - Level 2.0 Fighting
 + Level 4.8 Long Blades
 - Level 1.7 Throwing
 - Level 3.3 Dodging
 + Level 1.7 Spellcasting


You had 5 spell levels left.
You knew the following spells:

 Your Spells              Type           Power      Damage    Failure   Level
a - Magic Dart            Conj           16%        1d3       16%         1
Your spell library was empty.

Dungeon Overview and Level Annotations

Branches:
Dungeon (2/15)

Altars:


Innate Abilities, Weirdness & Mutations

You are immune to poison.
Your flesh is very heat resistant. (rF++)
You are vulnerable to cold. (rC-)
You float through the air rather than walking.
You learn spells naturally, not from books.
Your magical power is your life essence.
You have superior vitality. (+4 HP)


Message History

You start resting.
HP restored.
Things that are here:
the felid corpse of Natasha; the felid skeleton of Natasha An ogre comes into view.
It is wielding a +0 giant spiked club.
The magic dart hits the ogre.
The ogre is lightly wounded.
You miscast Magic Dart.
You are very lightly contaminated with residual magic.
Nothing appears to happen.
The magic dart hits the ogre.
The ogre is lightly wounded.
The magic dart hits the ogre.
The ogre is moderately wounded.
You hit the ogre.
The ogre is moderately wounded.
The ogre barely misses you.
You riposte.
You slash the ogre!
The ogre is severely wounded.
You hit the ogre.
The ogre is severely wounded.
The ogre closely misses you.
You barely miss the ogre.
The ogre is severely wounded.
The ogre barely misses you. The ogre misses you.
You hit the ogre.
The ogre is almost dead.
A bat comes into view.
The ogre closely misses you.
You riposte.
You barely miss the ogre.
The ogre is almost dead.
Your magical contamination has completely faded away.
You barely miss the ogre.
The ogre is almost dead.
The ogre hits you with a +0 giant spiked club!!
Ouch! That really hurt!
* * * LOW HITPOINT WARNING * * *
You barely miss the ogre.
The ogre is almost dead.
The ogre hits you with a +0 giant spiked club!
Ouch! That really hurt!
You die...

#.####..#
##.....
##.####..#
######
#........#
#...
#..####..#
#.## ##...#
#.# #.#..#
#.## ##..##
#.#.
..######..#
#.#.
.....bO@..#
#.#.
#.######.##
#..# #.#
##.## #.#
#.## #.#
##.## ..#
##.# ###
##. #. ##.


You could see an ogre and a bat.

Vanquished Creatures
  Jessica (D:2)
  Natasha (twice) (D:2)
  A dart slug (D:1)
  A goblin (D:1)
  3 hobgoblins (D:1)
  8 oozes
  A quokka (D:1)
  3 ball pythons (D:1)
  3 bats (D:1)
  2 frilled lizards (D:1)
  4 kobolds (D:1)
  5 rats
34 creatures vanquished.

Notes
Turn   | Place    | Note
-------+----------+-------------------------------------------
     0 | D:1      | dracos369 the Djinni Gladiator began the quest for the Orb.
     0 | D:1      | Reached XP level 1. HP: 18/18 MP: 0/0
   206 | D:1      | Reached XP level 2. HP: 22/23 MP: 0/0
   680 | D:1      | Reached skill level 4 in Long Blades
   688 | D:1      | Reached XP level 3. HP: 10/28 MP: 0/0
   688 | D:1      | Learned a level 1 spell: Magic Dart
  1970 | D:2      | Noticed Jessica
  1977 | D:2      | Killed Jessica
  1978 | D:2      | Reached skill level 1 in Spellcasting
  1978 | D:2      | Reached XP level 4. HP: 30/33 MP: 0/0
  2170 | D:2      | Noticed Natasha
  2188 | D:2      | HP: 1/33 [Natasha (6)]
  2190 | D:2      | Killed Natasha
  2377 | D:2      | Noticed Natasha
  2387 | D:2      | Killed Natasha
  2531 | D:2      | Noticed an ogre
  2542 | D:2      | Mangled by an ogre

Illustrated notes

Levels and vault maps discovered:
D:1:      lemuel_arrival_muddy, layout_basic, minmay_misc_feat_more_columns
D:2:      layout_loops_ring, amethyst_overflow_temple_binary,
          minmay_strange_pillars, uniq_jessica, uniq_natasha, uniq_terence

Skill      XL: |  1  2  3 |
---------------+----------+-----
Long Blades    | 4 |  4.8
Spellcasting   | 1 |  1.7
Fighting       | |  2.0
Throwing       | |  1.7
Dodging        | |  3.3

Action                   |  1- 3 |  4- 6 || total
-------------------------+-------+-------++-------
Melee: Long sword        |    72 |    28 ||   100
 Cast: Magic Dart        |     5 |    10 ||    15
  Use: Potion            |       |     2 ||     2
Armor: Leather armour    |    25 |       ||    25
       Ring mail         |     3 |       ||     3
       Robe              |       |     4 ||     4
       Skin              |       |     4 ||     4
Dodge: Dodged            |    44 |    25 ||    69
       Rpst.: Long sword |    13 |     7 ||    20

Table legend: (Time is in decaauts)
 A = Elapsed time spent in this place.
 B = Non-inter-level travel time spent in this place.
 C = Inter-level travel time spent in this place.
 D = Time resting spent in this place.
 E = Time spent auto-exploring this place.
 F = Levels seen in this place.
 G = Mean time per level.
                   A        B        C        D        E       F      G
               +--------+--------+--------+--------+--------+-----+--------+
         Total |   2569 |   2538 |     31 |    644 |   1595 |   2 | 1284.5 |
       Dungeon |   2569 |   2538 |     31 |    644 |   1595 |   2 | 1284.5 |
               +--------+--------+--------+--------+--------+-----+--------+

Top non-repeatable levels by time:
     D:1: 1662 daAuts
     D:2: 907 daAuts
